 Dungeon Crawl Stone Soup version 0.23-a0-475-g3200f6b (webtiles) character file.

31 Matudinoluver the Skirmisher (level 3, -11/33 HPs)
             Began as a Hill Orc Fighter on Nov 21, 2018.
             Was an Initiate of Ru.
             Mangled by a wight
             ... wielding a +4 great sword of freezing
              (18 damage)
             ... on level 1 of the Dungeon.
             The game lasted 00:02:07 (318 turns).

Matudinoluver the Skirmisher (Hill Orc Fighter)      Turns: 318, Time: 00:02:07

Health: -11/33     AC:  9    Str: 19    XL:     3   Next: 22%
Magic:  3/3        EV:  7    Int:  8    God:    Ru [......]
Gold:   93         SH:  9    Dex: 10    Spells: 2/2 levels left

rFire    . . .     SeeInvis .   a - +0 war axe
rCold    . . .     Gourm    .   c - +0 shield
rNeg     . . .     Faith    .   b - +1 scale mail
rPois    .         Spirit   .   (no helmet)
rElec    .         Reflect  .   (no cloak)
rCorr    .         Harm     .   g - +0 pair of gloves
MR       .....                  (no boots)
Stlth    ..........             (no amulet)
HPRegen  0.11/turn              (no ring)
MPRegen  0.08/turn              (no ring)

@: drained
A: no striking features
a: Renounce Religion


You were on level 1 of the Dungeon.
You worshipped Ru.
Ru was noncommittal.
You were not hungry.

You visited 1 branch of the dungeon, and saw 1 of its levels.

You collected 93 gold pieces.

Inventory:

Hand Weapons
 a - a +0 war axe (weapon)
Armour
 b - a +1 scale mail (worn)
 c - a +0 shield (worn)
 g - a +0 pair of gloves (worn)
Scrolls
 e - a scroll of identify {unknown}
 j - a scroll of amnesia
Potions
 d - 2 potions of might
 h - a potion of curing {unknown}
Comestibles
 f - 2 rations


   Skills:
 + Level 4.1(3.9) Fighting
 + Level 3.0(2.7) Axes
 + Level 3.8(3.5) Armour
 + Level 3.7(3.4) Shields


You had 2 spell levels left.
You didn't know any spells.
Your spell library was empty.

Dungeon Overview and Level Annotations

Branches:
Dungeon (1/3)
 Temple: D:1

Altars:
Ru


Message History

You hit the wight but do no damage. You block the shadow imp's attack.
The wight closely misses you. The shadow imp gestures at you.
Pain shoots through your body!
The wight hits you with a cursed +4 war axe.
You feel drained.
You completely miss the shadow imp. You hit the wight.
You closely miss the wight. The shadow imp gestures at you.
Pain shoots through your body!
* * * LOW HITPOINT WARNING * * *
The wight barely misses you. The wight closely misses you.
Unknown command.
You hit the wight but do no damage.
The wight is moderately damaged.
You closely miss the wight. You closely miss the shadow imp. You hit the wight.
You block the shadow imp's attack. You block the wight's attack. x2
The wight hits you with a +4 great sword of freezing!!
Ouch! That really hurt!
You die...

##########.##.#
..... ..#.....#
##### #.#...#.# .#
#.#...#+## #### .#
#.#......# ...# #
#
#.#)))...##...##.#
#.#..............#
#.........zz.....#
#..###.###@5.[....
###..# #.#
#.z......
#....###'#
#........
#.#..###_+
..#####..
#.#..###+# #.. #
#.#(.# #.. #.#..#
#.# #.#... ..#
#.#....


You could see 3 wights and a shadow imp.

Vanquished Creatures
  3 orcs (D:1)
3 creatures vanquished.

Notes
Turn   | Place    | Note
-------+----------+-------------------------------------------
     0 | D:1      | Matudinoluver the Hill Orc Fighter began the quest for the
                  | Orb.
     0 | D:1      | Reached XP level 1. HP: 19/19 MP: 1/1
   150 | D:1      | Reached XP level 2. HP: 17/27 MP: 2/2
   151 | D:1      | Reached skill level 4 in Fighting
   153 | D:1      | Reached XP level 3. HP: 20/33 MP: 3/3
   269 | D:1      | Found a sacrificial altar of Ru.
   306 | D:1      | Became a worshipper of Ru the Awakened
   318 | D:1      | Mangled by a wight

Vault maps used:
D:1:      dpeg_arrival_more_subterranean_lakeside_camping, lemuel_doored_altar,
          gammafunk_temple_overflow_wave, gammafunk_temple_overflow_arena,
          minmay_temple_entry_trees

Skill      XL: |  1  2 |
---------------+-------+-----
Fighting       | 4 |  4.1
Axes           | 3 |  3.0
Armour         | |  3.8
Shields        | |  3.7

Action                   || total
-------------------------++-------
Melee: War axe           ||     8
  Use: Scroll            ||     3
Armor: Scale mail        ||     3
Dodge: Dodged            ||     6
Block: Shield            ||    12

Table legend:
 A = Non-vault XP
 B = Vault XP
 C = Vault XP percentage of total XP
 D = Non-vault monster count
 E = Vault monster count
 F = Vault count percentage of total count
                 A         B        C        D         E       F
            +---------+---------+-------+---------+---------+-------
      Total |      45 |       0 |   0.0 |       3 |       0 |   0.0
            +---------+---------+-------+---------+---------+-------
        D:1 |      45 |       0 |   0.0 |       3 |       0 |   0.0
            +---------+---------+-------+---------+---------+-------
